[Event "2023 IBCA European Team Championship for the Blind and Visually Impaired"]
[Site "Genoa, Italy"]
[Date "2023.04.21"]
[Round "2"]
[White "Eichstaedt, Mirko"]
[Black "Tazbir, Marcin"]
[Result "0-1"]
[Time "15:00:00"]
[UTCTime "13:00:00"]
[UTCDate "2023.04.21"]
[Board "4.1"]
[WhiteTeam "Germany"]
[BlackTeam "Poland"]
[WhiteCountry "GER"]
[BlackCountry "POL"]
[WhiteTitle "CM"]
[BlackTitle "GM"]
[WhiteElo "2241"]
[BlackElo "2503"]
[TimeControl "5400+30"]
[Opening "Queen's pawn game"]
[ECO "D02"]
[PlyCount "112"]
[EventDate "2023.04.20"]
[EventType "team"]
[EventRounds "9"]
[EventCountry "ITA"]
[Annotator "Vrioni, Bersan"]

1. d4 d5 2. Nf3 Nf6 3. c4 e6 4. g3 Be7 5. Bg2 O-O 6. Nc3 dxc4 7. Ne5 c5 8. dxc5
Qxd1+ 9. Nxd1 Bxc5 10. O-O Nc6 11. Bxc6 bxc6 12. Be3 Bd6 13. Nxc4 Bc7 14. Rc1
Nd5 15. Bc5 Rd8 16. e4 Nf6 17. f3 Ba6 18. Nde3 Nd7 19. Be7 Re8 20. Ba3 Ne5 21.
f4 Nxc4 22. Nxc4 Rad8 23. b3 Bb6+ 24. Kh1 Bxc4 25. Rxc4 Rd2 26. Bc5 Rxa2 27.
Bxb6 axb6 28. Rxc6 Rb2 29. Rc3 f5 30. Kg1 fxe4 31. Re3 Rd8 32. Rf2 Rd1+ 33. Kg2
Rdd2 34. Rxd2 Rxd2+ 35. Kf1 Rd4 36. g4 Kf7 37. Ke2 Kf6 38. Rc3 Rb4 39. Ke3 h5
40. h3 h4 41. Ke2 Ke7 42. Kd2 Kd6 43. Re3 Rd4+ 44. Kc2 Kd5 45. Kc3 b5 46. b4
Rc4+ 47. Kb3 Kd4 48. Re1 Rc3+ 49. Kb2 Rxh3 50. Rd1+ Rd3 51. Rh1 h3 52. Kc2 Rc3+
53. Kb2 Rg3 54. f5 exf5 55. gxf5 Rg2+ 56. Kb3 h2 0-1

[Event "2023 IBCA European Team Championship for the Blind and Visually Impaired"]
[Site "Genoa, Italy"]
[Date "2023.04.21"]
[Round "2"]
[White "Stachanczyk, Jacek"]
[Black "Schellmann, Frank"]
[Result "1/2-1/2"]
[Time "15:00:00"]
[UTCTime "13:00:00"]
[UTCDate "2023.04.21"]
[Board "4.2"]
[WhiteTeam "Poland"]
[BlackTeam "Germany"]
[WhiteCountry "POL"]
[BlackCountry "GER"]
[WhiteTitle "IM"]
[BlackTitle "CM"]
[WhiteElo "2159"]
[BlackElo "1936"]
[TimeControl "5400+30"]
[Opening "Ruy Lopez"]
[Variation "closed"]
[ECO "C88"]
[PlyCount "95"]
[EventDate "2023.04.20"]
[EventType "team"]
[EventRounds "9"]
[EventCountry "ITA"]
[Annotator "Vrioni, Bersan"]

1. e4 e5 2. Nf3 Nc6 3. Bb5 a6 4. Ba4 Nf6 5. O-O Be7 6. Re1 b5 7. Bb3 d6 8. c3
O-O 9. h3 Bb7 10. d4 Re8 11. Nbd2 Bf8 12. a4 h6 13. Bc2 exd4 14. cxd4 Nb4 15.
Bb1 c5 16. d5 Nd7 17. Ra3 c4 18. axb5 axb5 19. Rxa8 Qxa8 20. Nd4 Qa5 21. Nf1 Nd3
22. Bxd3 cxd3 23. Bd2 Qa4 24. Qxa4 bxa4 25. f3 g6 26. Ra1 Ra8 27. Bc3 Nc5 28.
Nd2 f5 29. b4 axb3 30. Rxa8 Bxa8 31. N4xb3 Nxb3 32. Nxb3 fxe4 33. fxe4 Bb7 34.
Kf2 h5 35. Bd4 Ba6 36. Nd2 Bh6 37. Be3 Bg7 38. Nf3 Kf7 39. Bf4 Bc3 40. Bd2 Bf6
41. Bb4 Be7 42. h4 Ke8 43. Ke3 Bb5 44. g3 Ba6 45. Kd2 Bb5 46. Ke1 Bd7 47. Kd2
Bb5 48. Ke3 1/2-1/2

[Event "2023 IBCA European Team Championship for the Blind and Visually Impaired"]
[Site "Genoa, Italy"]
[Date "2023.04.21"]
[Round "2"]
[White "Dobierzin, Olaf"]
[Black "Dukaczewski, Piotr"]
[Result "1/2-1/2"]
[Time "15:00:00"]
[UTCTime "13:00:00"]
[UTCDate "2023.04.21"]
[Board "4.3"]
[WhiteTeam "Germany"]
[BlackTeam "Poland"]
[WhiteCountry "GER"]
[BlackCountry "POL"]
[WhiteTitle "-"]
[BlackTitle "IM"]
[WhiteElo "1935"]
[BlackElo "2091"]
[TimeControl "5400+30"]
[Opening "French"]
[Variation "advance, Paulsen attack"]
[ECO "C02"]
[PlyCount "104"]
[EventDate "2023.04.20"]
[EventType "team"]
[EventRounds "9"]
[EventCountry "ITA"]
[Annotator "Vrioni, Bersan"]

1. e4 e6 2. d4 d5 3. e5 c5 4. c3 Nc6 5. Nf3 Qb6 6. a3 Nh6 7. b4 cxd4 8. Bxh6
gxh6 9. cxd4 Bd7 10. Be2 Bg7 11. Nc3 Rc8 12. Na4 Qc7 13. Rc1 O-O 14. O-O Qb8 15.
Nc5 Be8 16. Bd3 b6 17. Nb3 f6 18. exf6 Rxf6 19. b5 Ne7 20. Ne5 Ng6 21. Bxg6 hxg6
22. Qe2 Rxc1 23. Rxc1 Qd6 24. a4 Qa3 25. Ng4 Rf8 26. Qxe6+ Kh7 27. Qe3 h5 28.
Ne5 Qxa4 29. Ra1 Qb4 30. Rxa7 Bxb5 31. h4 Rf6 32. Nd2 Be8 33. Ndf3 Kg8 34. Ra8
Rf8 35. Qg5 Qd6 36. Qe3 b5 37. Ra7 Qb6 38. Qa3 b4 39. Qa5 Qxa5 40. Rxa5 Bxe5 41.
Nxe5 b3 42. Ra3 Rf4 43. Nf3 Bb5 44. Rxb3 Be2 45. Re3 Bxf3 46. Rxf3 Rxd4 47. g3
Rd1+ 48. Kg2 Kg7 49. Rf4 Re1 50. Kf3 Re6 51. Rd4 Re5 52. Kf4 Kf6 1/2-1/2

[Event "2023 IBCA European Team Championship for the Blind and Visually Impaired"]
[Site "Genoa, Italy"]
[Date "2023.04.21"]
[Round "2"]
[White "Migala, Andrzej"]
[Black "Dyballa, Gerhard"]
[Result "1/2-1/2"]
[Time "15:00:00"]
[UTCTime "13:00:00"]
[UTCDate "2023.04.21"]
[Board "4.4"]
[WhiteTeam "Poland"]
[BlackTeam "Germany"]
[WhiteCountry "POL"]
[BlackCountry "GER"]
[WhiteTitle "-"]
[BlackTitle "-"]
[WhiteElo "1938"]
[BlackElo "1912"]
[TimeControl "5400+30"]
[Opening "French"]
[Variation "advance variation"]
[ECO "C02"]
[PlyCount "71"]
[EventDate "2023.04.20"]
[EventType "team"]
[EventRounds "9"]
[EventCountry "ITA"]
[Annotator "Vrioni, Bersan"]

1. e4 e6 2. d4 d5 3. e5 c5 4. c3 Qb6 5. Nf3 Nc6 6. a3 c4 7. Nbd2 Na5 8. Rb1 Bd7
9. Be2 Qc7 10. O-O Ne7 11. Re1 h6 12. Qc2 O-O-O 13. Nf1 Kb8 14. Bd1 Nc8 15. Qe2
Nb6 16. Bc2 Be7 17. g3 Ba4 18. Kg2 Bxc2 19. Qxc2 Nb3 20. Be3 g5 21. h3 Rdg8 22.
N1d2 g4 23. hxg4 Nxd2 24. Qxd2 Rxg4 25. Bxh6 Qd8 26. Rh1 Qg8 27. Bf4 Rxh1 28.
Rxh1 Nd7 29. Kf1 a6 30. Qc2 Nf8 31. Be3 Rg7 32. Ke2 Rh7 33. Rxh7 Nxh7 34. Qb1
Ng5 35. Qh1 Qg6 36. Nxg5 1/2-1/2

[Event "2023 IBCA European Team Championship for the Blind and Visually Impaired"]
[Site "Genoa, Italy"]
[Date "2023.04.21"]
[Round "2"]
[White "Cajzler, Hinko"]
[Black "Ursic, Aleksander"]
[Result "0-1"]
[Time "15:00:00"]
[UTCTime "13:00:00"]
[UTCDate "2023.04.21"]
[Board "5.1"]
[WhiteTeam "Croatia"]
[BlackTeam "Slovenia"]
[WhiteCountry "CRO"]
[BlackCountry "SLO"]
[WhiteTitle "-"]
[BlackTitle "-"]
[WhiteElo "2030"]
[BlackElo "1834"]
[TimeControl "5400+30"]
[Opening "Sicilian"]
[ECO "B50"]
[PlyCount "90"]
[EventDate "2023.04.20"]
[EventType "team"]
[EventRounds "9"]
[EventCountry "ITA"]
[Annotator "Vrioni, Bersan"]

1. e4 c5 2. Nf3 d6 3. c3 Nf6 4. Bd3 Nc6 5. Bc2 Bg4 6. d3 a6 7. a4 Rc8 8. Nbd2 g6
9. h3 Bd7 10. Qe2 Bg7 11. O-O O-O 12. Nh2 Nh5 13. Ndf3 b5 14. axb5 axb5 15. Bd2
Rb8 16. g4 Nf6 17. d4 h5 18. gxh5 Nxh5 19. d5 Na5 20. Ng4 Nc4 21. Bc1 Qc8 22.
Nfh2 Nxb2 23. e5 dxe5 24. Bxb2 Nf4 25. Qe3 Nxd5 26. Qg3 Nf4 27. Rae1 Bf5 28.
Bxf5 Qxf5 29. c4 f6 30. Bc1 bxc4 31. Bxf4 exf4 32. Qc3 Qd3 33. Rc1 Qxc3 34. Rxc3
f5 35. Rxc4 fxg4 36. hxg4 Bd4 37. Nf3 e5 38. Re1 Rfe8 39. Re2 Kg7 40. Ng5 Rb1+
41. Kg2 Rb3 42. f3 Rb1 43. Ra4 Rg1+ 44. Kh2 Rh8+ 45. Nh3 Rg3 0-1

[Event "2023 IBCA European Team Championship for the Blind and Visually Impaired"]
[Site "Genoa, Italy"]
[Date "2023.04.21"]
[Round "2"]
[White "Znuderl, Matej"]
[Black "Culjak, Miso"]
[Result "0-1"]
[Time "15:00:00"]
[UTCTime "13:00:00"]
[UTCDate "2023.04.21"]
[Board "5.2"]
[WhiteTeam "Slovenia"]
[BlackTeam "Croatia"]
[WhiteCountry "SLO"]
[BlackCountry "CRO"]
[WhiteTitle "-"]
[BlackTitle "-"]
[WhiteElo "1838"]
[BlackElo "1705"]
[TimeControl "5400+30"]
[Opening "French"]
[Variation "Tarrasch, open, 4.ed ed"]
[ECO "C08"]
[PlyCount "39"]
[EventDate "2023.04.20"]
[EventType "team"]
[EventRounds "9"]
[EventCountry "ITA"]
[Annotator "Vrioni, Bersan"]

1. e4 e6 2. d4 d5 3. Nd2 c5 4. exd5 exd5 5. Ngf3 Nf6 6. Nb3 c4 7. Nbd2 Bd6 8.
Be2 O-O 9. O-O h6 10. Re1 Nc6 11. c3 Re8 12. Nf1 Ne7 13. b3 b5 14. a4 Bd7 15.
axb5 Bxb5 16. bxc4 dxc4 17. Ne3 Ned5 18. Qc2 Nxe3 19. Bxe3 Nd5 20. Bd2 0-1

[Event "2023 IBCA European Team Championship for the Blind and Visually Impaired"]
[Site "Genoa, Italy"]
[Date "2023.04.21"]
[Round "2"]
[White "Kljaic, Kresimir"]
[Black "Stimec, Marjan"]
[Result "0-1"]
[Time "15:00:00"]
[UTCTime "13:00:00"]
[UTCDate "2023.04.21"]
[Board "5.3"]
[WhiteTeam "Croatia"]
[BlackTeam "Slovenia"]
[WhiteCountry "CRO"]
[BlackCountry "SLO"]
[WhiteTitle "-"]
[BlackTitle "-"]
[WhiteElo "1520"]
[BlackElo "1771"]
[TimeControl "5400+30"]
[Opening "French defence"]
[ECO "C00"]
[PlyCount "74"]
[EventDate "2023.04.20"]
[EventType "team"]
[EventRounds "9"]
[EventCountry "ITA"]
[Annotator "Vrioni, Bersan"]

1. e4 e6 2. Nf3 d5 3. Nc3 dxe4 4. Nxe4 Be7 5. d4 Nf6 6. Nxf6+ Bxf6 7. c3 O-O 8.
Bd3 Nc6 9. O-O e5 10. dxe5 Bxe5 11. Nxe5 Nxe5 12. Be2 Qf6 13. Be3 Bf5 14. Qb3 b6
15. Bd4 c5 16. Bxe5 Qxe5 17. Bf3 Rad8 18. Rfe1 Qf6 19. Rad1 g6 20. Qa4 Rxd1 21.
Rxd1 Qe7 22. Bc6 Kg7 23. Bb5 Rd8 24. Qb3 Rd2 25. Rc1 Qh4 26. g3 Qe4 27. Qc4 Qf3
28. Qf4 Qxf4 29. gxf4 Rxb2 30. a4 Be4 31. Re1 f5 32. Rd1 Bf3 33. Re1 Rc2 34. Re3
Rc1+ 35. Bf1 Bd5 36. Re7+ Kh6 37. Rxa7 Bc4 0-1

[Event "2023 IBCA European Team Championship for the Blind and Visually Impaired"]
[Site "Genoa, Italy"]
[Date "2023.04.21"]
[Round "2"]
[White "Selkovski, Zarko"]
[Black "Casadei, Marco"]
[Result "1/2-1/2"]
[Time "15:00:00"]
[UTCTime "13:00:00"]
[UTCDate "2023.04.21"]
[Board "6.1"]
[WhiteTeam "North Macedonia"]
[BlackTeam "Italy"]
[WhiteCountry "MKD"]
[BlackCountry "ITA"]
[WhiteTitle "-"]
[BlackTitle "-"]
[WhiteElo "1920"]
[BlackElo "1982"]
[TimeControl "5400+30"]
[Opening "Sicilian"]
[Variation "dragon, Yugoslav attack"]
[ECO "B75"]
[PlyCount "77"]
[EventDate "2023.04.20"]
[EventType "team"]
[EventRounds "9"]
[EventCountry "ITA"]
[Annotator "Vrioni, Bersan"]

1. e4 c5 2. Nf3 d6 3. d4 cxd4 4. Nxd4 Nf6 5. Nc3 g6 6. Be3 Bg7 7. f3 Nc6 8.
Qd2 O-O 9. g4 Be6 10. Nxe6 fxe6 11. O-O-O Ne5 12. Be2 Qc8 13. Bd4 Nfd7 14.
f4 Nc4 15. Bxc4 Qxc4 16. Bxg7 Kxg7 17. f5 Nf6 18. fxg6 hxg6 19. Rhg1 Nxe4
20. Nxe4 Qxe4 21. Rde1 Qc4 22. b3 Qf4 23. Qxf4 Rxf4 24. Rxe6 Kf7 25. Rge1
Re8 26. h3 Rf3 27. R6e3 Rf2 28. R1e2 Rxe2 29. Rxe2 g5 30. Rf2+ Kg6 31. c4
Rh8 32. Rf3 e5 33. Kd2 Rd8 34. Kd3 d5 35. cxd5 Rxd5+ 36. Ke4 Ra5 37. a4 b5
38. axb5 Rxb5 39. Rc3 a5 40. Rf3 Rc5 41. Rd3 Rb5 42. Rc3 Kf6 43. Rc6+ Kf7
44. Rc7+ Ke6 45. Rc6+ Kf7 1/2-1/2

[Event "2023 IBCA European Team Championship for the Blind and Visually Impaired"]
[Site "Genoa, Italy"]
[Date "2023.04.21"]
[Round "2"]
[White "Vrioni, Bersan"]
[Black "Kostadinovski, Zoran"]
[Result "1/2-1/2"]
[Time "15:00:00"]
[UTCTime "13:00:00"]
[UTCDate "2023.04.21"]
[Board "6.2"]
[WhiteTeam "Italy"]
[BlackTeam "North Macedonia"]
[WhiteCountry "ITA"]
[BlackCountry "MKD"]
[WhiteTitle "-"]
[BlackTitle "-"]
[WhiteElo "1910"]
[BlackElo "1907"]
[TimeControl "5400+30"]
[Opening "Sicilian"]
[Variation "closed"]
[ECO "B23"]
[PlyCount "63"]
[EventDate "2023.04.20"]
[EventType "team"]
[EventRounds "9"]
[EventCountry "ITA"]
[Annotator "Vrioni, Bersan"]

1. e4 c5 2. Nc3 e6 3. f4 d5 4. Nf3 dxe4 5. Bb5+ Bd7 6. Bxd7+ Qxd7 7. Nxe4 Nc6 8.
d3 Nh6 9. O-O Be7 10. Be3 b6 11. Kh1 Nf5 12. Bf2 O-O 13. g4 Nh6 14. g5 Nf5 15.
Nh4 Rfd8 16. Nxf5 exf5 17. Nc3 Nd4 18. Bxd4 cxd4 19. Ne2 Qd5+ 20. Kg1 Rac8 21.
Ng3 Rc6 22. Rf2 g6 23. Re2 Bd6 24. Qf1 Rdc8 25. Qf2 R6c7 26. h4 Kg7 27. h5 b5
28. Rae1 Rf8 29. Re8 Rc8 30. Rxc8 Rxc8 31. b3 Kg8 32. Re2 1/2-1/2

[Event "2023 IBCA European Team Championship for the Blind and Visually Impaired"]
[Site "Genoa, Italy"]
[Date "2023.04.21"]
[Round "2"]
[White "Atanasovski, Blazhe"]
[Black "Badano, Giancarlo"]
[Result "1/2-1/2"]
[Time "15:00:00"]
[UTCTime "13:00:00"]
[UTCDate "2023.04.21"]
[Board "6.3"]
[WhiteTeam "North Macedonia"]
[BlackTeam "Italy"]
[WhiteCountry "MKD"]
[BlackCountry "ITA"]
[WhiteTitle "-"]
[BlackTitle "-"]
[WhiteElo "1760"]
[BlackElo "1742"]
[TimeControl "5400+30"]
[Opening "Giuoco piano"]
[ECO "C50"]
[PlyCount "96"]
[EventDate "2023.04.20"]
[EventType "team"]
[EventRounds "9"]
[EventCountry "ITA"]
[Annotator "Vrioni, Bersan"]

1. e4 e5 2. Nf3 Nc6 3. Bc4 Bc5 4. O-O Nf6 5. d4 Bxd4 6. Nxd4 Nxd4 7. f4 d6 8.
fxe5 dxe5 9. Bg5 Be6 10. Na3 Qe7 11. Bxf6 gxf6 12. c3 Bxc4 13. Nxc4 Ne6 14. b4
Nf4 15. g3 Rg8 16. Kh1 Ne6 17. Ne3 c6 18. Nf5 Qc7 19. Nd6+ Ke7 20. Nf5+ Ke8 21.
Qe2 Rd8 22. Rad1 Rg6 23. h4 Ng7 24. Rxd8+ Qxd8 25. Rd1 Qc7 26. Nxg7+ Rxg7 27.
Kh2 Ke7 28. Qe3 Rg6 29. Qc5+ Ke8 30. Qxa7 Qc8 31. Qc5 Rg4 32. Qe3 Rg6 33. a4 Kf8
34. Qf3 Qe6 35. Rd2 Ke8 36. a5 Qg4 37. Qd3 Kf8 38. Rf2 Qe6 39. Rd2 Qg4 40. c4
Kg7 41. b5 cxb5 42. cxb5 Qc8 43. a6 bxa6 44. bxa6 f5 45. Ra2 fxe4 46. Qb5 Qc3
47. Rg2 Qc7 48. Ra2 Qc3 1/2-1/2

[Event "2023 IBCA European Team Championship for the Blind and Visually Impaired"]
[Site "Genoa, Italy"]
[Date "2023.04.21"]
[Round "2"]
[White "Pezzolato, Erica"]
[Black "Arsov, Filip"]
[Result "1/2-1/2"]
[Time "15:00:00"]
[UTCTime "13:00:00"]
[UTCDate "2023.04.21"]
[Board "6.4"]
[WhiteTeam "Italy"]
[BlackTeam "North Macedonia"]
[WhiteCountry "ITA"]
[BlackCountry "MKD"]
[WhiteTitle "-"]
[BlackTitle "-"]
[WhiteElo "1453"]
[BlackElo "1624"]
[TimeControl "5400+30"]
[Opening "Reti opening"]
[ECO "A05"]
[PlyCount "69"]
[EventDate "2023.04.20"]
[EventType "team"]
[EventRounds "9"]
[EventCountry "ITA"]
[Annotator "Vrioni, Bersan"]

1. Nf3 Nf6 2. c4 e6 3. g3 d5 4. cxd5 Nxd5 5. Bg2 Bb4 6. O-O O-O 7. Nc3 Nc6 8.
Nxd5 exd5 9. d4 Re8 10. a3 Ba5 11. Bd2 Bxd2 12. Qxd2 Bg4 13. e3 Qf6 14. Ne1 Rad8
15. Nd3 Bf3 16. Rac1 h5 17. Nf4 Bxg2 18. Kxg2 h4 19. Kg1 g5 20. Ng2 h3 21. Ne1
Qe6 22. Nd3 g4 23. Nf4 Qe4 24. Qd1 Ne7 25. Qxg4+ Ng6 26. Qxh3 Nxf4 27. gxf4 Rd6
28. f3 Qxe3+ 29. Kh1 Qxf4 30. Qg3+ Qxg3 31. hxg3 Rh6+ 32. Kg2 c6 33. Rce1 Rhe6
34. Rxe6 Rxe6 35. Kf2 1/2-1/2

[Event "2023 IBCA European Team Championship for the Blind and Visually Impaired"]
[Site "Genoa, Italy"]
[Date "2023.04.21"]
[Round "2"]
[White "Asllani, Muhamet"]
[Black "Streltsov, Alexey"]
[Result "0-1"]
[Time "15:00:00"]
[UTCTime "13:00:00"]
[UTCDate "2023.04.21"]
[Board "7.1"]
[WhiteTeam "Kosovo"]
[BlackTeam "Israel"]
[WhiteCountry "KOS"]
[BlackCountry "ISR"]
[WhiteTitle "-"]
[BlackTitle "FM"]
[WhiteElo "2238"]
[BlackElo "2326"]
[TimeControl "5400+30"]
[Opening "Caro-Kann"]
[Variation "3.Nd2"]
[ECO "B12"]
[PlyCount "76"]
[EventDate "2023.04.20"]
[EventType "team"]
[EventRounds "9"]
[EventCountry "ITA"]
[Annotator "Vrioni, Bersan"]

1. e4 c6 2. d4 d5 3. Nd2 dxe4 4. Nxe4 Nf6 5. Ng3 h5 6. h4 c5 7. dxc5 Qa5+ 8. c3
Qxc5 9. Be3 Qc7 10. Nh3 Bg4 11. Qa4+ Nbd7 12. Ng5 Nd5 13. Bd2 f6 14. N5e4 Nb6
15. Qb3 O-O-O 16. f3 Nc5 17. Qb5 Nxe4 18. Nxe4 Bd7 19. Qa5 f5 20. Nf2 e5 21.
Qxa7 Bc5 22. Nd3 Bb5 23. Nxc5 Qxc5 24. O-O-O Ba4 25. b3 Kc7 26. b4 Qc6 27. Qa5
Bxd1 28. Qxe5+ Qd6 29. Qxd6+ Kxd6 30. Kxd1 Ra8 31. c4 Rxa2 32. c5+ Kc6 33. b5+
Kxc5 34. Be3+ Kb4 35. Bxb6 Re8 36. Bc7 Kc3 37. Bf4 Ra1+ 38. Bc1 Rxc1+ 0-1

[Event "2023 IBCA European Team Championship for the Blind and Visually Impaired"]
[Site "Genoa, Italy"]
[Date "2023.04.21"]
[Round "2"]
[White "Ymeri, Rinor"]
[Black "Alon, Levi"]
[Result "1-0"]
[Time "15:00:00"]
[UTCTime "13:00:00"]
[UTCDate "2023.04.21"]
[Board "7.3"]
[WhiteTeam "Kosovo"]
[BlackTeam "Israel"]
[WhiteCountry "KOS"]
[BlackCountry "ISR"]
[WhiteTitle "-"]
[BlackTitle "-"]
[WhiteElo "1618"]
[BlackElo "1668"]
[TimeControl "5400+30"]
[Opening "Gruenfeld"]
[Variation "modern exchange variation"]
[ECO "D85"]
[PlyCount "71"]
[EventDate "2023.04.20"]
[EventType "team"]
[EventRounds "9"]
[EventCountry "ITA"]
[Annotator "Vrioni, Bersan"]

1. d4 Nf6 2. c4 g6 3. Nc3 d5 4. cxd5 Nxd5 5. e4 Nxc3 6. bxc3 Bg7 7. Nf3 O-O 8.
Be2 c5 9. O-O Nc6 10. Be3 Bg4 11. e5 Qa5 12. Qc1 Rac8 13. h3 Bxf3 14. Bxf3 cxd4
15. Bf4 Nxe5 16. Bxb7 Rxc3 17. Qe1 Nd3 18. Qe4 Nc5 19. Qxe7 Nxb7 20. Qxb7 Rc2
21. Rac1 Rxc1 22. Rxc1 Qxa2 23. Rc8 d3 24. Rxf8+ Bxf8 25. Qd7 Qa3 26. h4 h5 27.
Qd8 Kh7 28. Bd2 Qd6 29. Qa5 Qc5 30. Qa2 Qc7 31. Qd5 Bh6 32. Bxh6 Kxh6 33. Qxd3
Qe5 34. Qd8 Qe1+ 35. Kh2 Qxf2 36. Qh8# 1-0

[Event "2023 IBCA European Team Championship for the Blind and Visually Impaired"]
[Site "Genoa, Italy"]
[Date "2023.04.22"]
[Round "3"]
[White "Tazbir, Marcin"]
[Black "Dimic, Pavle"]
[Result "1-0"]
[Time "15:00:00"]
[UTCTime "13:00:00"]
[UTCDate "2023.04.22"]
[Board "1.1"]
[WhiteTeam "Poland"]
[BlackTeam "Serbia"]
[WhiteCountry "POL"]
[BlackCountry "SRB"]
[WhiteTitle "GM"]
[BlackTitle "FM"]
[WhiteElo "2503"]
[BlackElo "2349"]
[TimeControl "5400+30"]
[Opening "Sicilian"]
[Variation "Canal-Sokolsky attack, Sokolsky variation"]
[ECO "B52"]
[PlyCount "65"]
[EventDate "2023.04.20"]
[EventType "team"]
[EventRounds "9"]
[EventCountry "ITA"]
[Annotator "Vrioni, Bersan"]

1. e4 c5 2. Nf3 d6 3. Bb5+ Bd7 4. Bxd7+ Qxd7 5. c4 Nf6 6. Nc3 g6 7. d4 cxd4 8.
Nxd4 Bg7 9. f3 Nc6 10. Be3 O-O 11. O-O a6 12. Nb3 e6 13. Qe2 Qc7 14. Rac1 Na5
15. Nxa5 Qxa5 16. Rfd1 Qc7 17. Qd3 Rfd8 18. Na4 Qc6 19. b3 b5 20. Nb6 Rab8 21.
cxb5 Qxb5 22. Qxb5 axb5 23. a4 bxa4 24. bxa4 d5 25. a5 Nd7 26. exd5 Nxb6 27.
Bxb6 Rxd5 28. Rxd5 exd5 29. Rc6 Bf8 30. Kf1 Ra8 31. Bc7 Bb4 32. a6 Re8 33. Rb6
1-0

[Event "2023 IBCA European Team Championship for the Blind and Visually Impaired"]
[Site "Genoa, Italy"]
[Date "2023.04.22"]
[Round "3"]
[White "Jandric, Damjan"]
[Black "Stachanczyk, Jacek"]
[Result "1-0"]
[Time "15:00:00"]
[UTCTime "13:00:00"]
[UTCDate "2023.04.22"]
[Board "1.2"]
[WhiteTeam "Serbia"]
[BlackTeam "Poland"]
[WhiteCountry "SRB"]
[BlackCountry "POL"]
[WhiteTitle "CM"]
[BlackTitle "IM"]
[WhiteElo "2110"]
[BlackElo "2159"]
[TimeControl "5400+30"]
[Opening "Sicilian, Chekhover variation"]
[ECO "B53"]
[PlyCount "103"]
[EventDate "2023.04.20"]
[EventType "team"]
[EventRounds "9"]
[EventCountry "ITA"]
[Annotator "Vrioni, Bersan"]

1. e4 c5 2. Nf3 d6 3. d4 cxd4 4. Qxd4 Nc6 5. Qe3 Nf6 6. Be2 g6 7. O-O Bg7 8. h3
d5 9. exd5 Nxd5 10. Qb3 Ndb4 11. a3 Be6 12. c4 Na6 13. Qxb7 Qc8 14. Qxc8+ Rxc8
15. Ra2 Na5 16. b4 Nxc4 17. Rc2 h6 18. Bf4 g5 19. Bh2 Nd6 20. Rxc8+ Bxc8 21. Rc1
Kd7 22. Be5 Bf6 23. Nbd2 Bb7 24. Bxf6 exf6 25. Nb3 Bd5 26. Nfd4 Bxb3 27. Nxb3
Nc7 28. Rc5 Nb7 29. Rf5 Re8 30. Kf1 Re6 31. Bf3 Nd6 32. Ra5 Re5 33. Rxa7 Nc4 34.
Be2 Nd6 35. Ra5 Re8 36. Rc5 Rb8 37. Rc1 Nd5 38. g3 f5 39. Nc5+ Ke7 40. Bf3 Nb6
41. Re1+ Kd8 42. Rd1 Ke7 43. a4 Nxa4 44. Re1+ Kd8 45. Nxa4 Rxb4 46. Nc5 Nc4 47.
Re2 Rb5 48. Nd3 Rb3 49. Bd5 Rb1+ 50. Kg2 Nd6 51. Ne5 Rd1 52. Nxf7+ 1-0

[Event "2023 IBCA European Team Championship for the Blind and Visually Impaired"]
[Site "Genoa, Italy"]
[Date "2023.04.22"]
[Round "3"]
[White "Dukaczewski, Piotr"]
[Black "Janjic, Stefan"]
[Result "1/2-1/2"]
[Time "15:00:00"]
[UTCTime "13:00:00"]
[UTCDate "2023.04.22"]
[Board "1.3"]
[WhiteTeam "Poland"]
[BlackTeam "Serbia"]
[WhiteCountry "POL"]
[BlackCountry "SRB"]
[WhiteTitle "IM"]
[BlackTitle "-"]
[WhiteElo "2091"]
[BlackElo "2089"]
[TimeControl "5400+30"]
[Opening "Reti opening"]
[ECO "A09"]
[PlyCount "68"]
[EventDate "2023.04.20"]
[EventType "team"]
[EventRounds "9"]
[EventCountry "ITA"]
[Annotator "Vrioni, Bersan"]

1. Nf3 d5 2. c4 e6 3. d4 Nf6 4. g3 dxc4 5. Bg2 Nc6 6. Qa4 Bb4+ 7. Bd2 Bd6 8. O-O
O-O 9. Qxc4 e5 10. d5 Ne7 11. Nc3 c6 12. dxc6 Nxc6 13. Rfd1 Be6 14. Qb5 a6 15.
Qa4 h6 16. Rac1 Qe7 17. Be3 Rfd8 18. Nd2 Nd4 19. Bxd4 exd4 20. Nce4 Nxe4 21.
Nxe4 b5 22. Qxd4 Bxg3 23. Qc5 Bh4 24. Qxe7 Bxe7 25. Nc5 Rxd1+ 26. Rxd1 Rd8 27.
Rxd8+ Bxd8 28. Nxe6 fxe6 29. b4 a5 30. bxa5 Bxa5 31. Bc6 b4 32. Kg2 Kf7 33. Kf3
Bc7 34. h4 g6 1/2-1/2

[Event "2023 IBCA European Team Championship for the Blind and Visually Impaired"]
[Site "Genoa, Italy"]
[Date "2023.04.22"]
[Round "3"]
[White "Bjelanovic, Mile"]
[Black "Wolanski, Michal"]
[Result "1/2-1/2"]
[Time "15:00:00"]
[UTCTime "13:00:00"]
[UTCDate "2023.04.22"]
[Board "1.4"]
[WhiteTeam "Serbia"]
[BlackTeam "Poland"]
[WhiteCountry "SRB"]
[BlackCountry "POL"]
[WhiteTitle "-"]
[BlackTitle "-"]
[WhiteElo "2059"]
[BlackElo "1969"]
[TimeControl "5400+30"]
[Opening "Sicilian"]
[Variation "Nimzovich-Rossolimo attack (with ...g6, without ...d6)"]
[ECO "B31"]
[PlyCount "78"]
[EventDate "2023.04.20"]
[EventType "team"]
[EventRounds "9"]
[EventCountry "ITA"]
[Annotator "Vrioni, Bersan"]

1. e4 c5 2. Nf3 Nc6 3. Bb5 g6 4. Bxc6 dxc6 5. d3 Bg7 6. h3 Nf6 7. a4 Nd7 8. Na3
e5 9. Nc4 Qe7 10. Bd2 Nb6 11. Ncxe5 O-O 12. Bc3 f5 13. O-O fxe4 14. dxe4 Be6 15.
Qe2 Nc8 16. a5 Nd6 17. a6 Nb5 18. axb7 Nxc3 19. bxc3 Qxb7 20. Qa6 Qxa6 21. Rxa6
Bc8 22. Ra5 Re8 23. Rxc5 a5 24. Ra1 a4 25. Nxc6 Rxe4 26. Nfd4 Bd7 27. f3 Re3 28.
Kf2 Ree8 29. f4 Bf8 30. Ra5 Rxa5 31. Nxa5 Rc8 32. c4 Rc5 33. Nb5 a3 34. Nb3 Rxc4
35. Nxa3 Bxa3 36. Rxa3 Rxc2+ 37. Ke3 Rxg2 38. Ra8+ Kf7 39. Ra7 Rg3+ 1/2-1/2